 Dungeon Crawl Stone Soup version 0.28-a0-1080-g05a166d0ed (console) character file.

Game seed: 11092792823357676882

3885 jejorda2 the Bludgeoner (level 10, -7/83 HPs)
             Began as a Purple Draconian Berserker on Dec 9, 2021.
             Was a Priest of Trog.
             Shot with a bolt by an orc warlord (24 damage)
             ... in a bailey.
             The game lasted 00:26:16 (6515 turns).

jejorda2 the Bludgeoner (DrBe)                      Turns: 6515, Time: 00:26:17

Health: -7/83      AC: 15    Str: 21    XL:     10   Next: 0%
Magic:  0/10       EV: 14    Int:  7    God:    Trog [***...]
Gold:   418        SH:  0    Dex: 14    Spells: 9/9 levels left

rFire   . . .      SeeInvis .   a - +3 whip (elec)
rCold   . . .      Faith    .   (no shield)
rNeg    . . .      Spirit   +   (armour unavailable)
rPois   .          Reflect  .   (helmet restricted)
rElec   .          Harm     .   f - +2 cloak
rCorr   .          Rampage  .   (no gloves)
Will    +++..                   v - +0 pair of boots
Stlth   +.........              h - amulet of guardian spirit
HPRegen 1.23/turn               n - +4 ring of protection
MPRegen 0.12/turn               (no ring)

@: about to teleport, short of breath, strong-willed, regenerating, studying
Maces & Flails
A: breathe power, AC +7, unfitting armour, cold-blooded
a: Breathe Dispelling Energy, Renounce Religion, Berserk, Trog's Hand


You were in a bailey.
You worshipped Trog.
Trog was most pleased with you.
You visited 1 branch of the dungeon, and saw 7 of its levels.
You also visited: Bailey.

You collected 454 gold pieces.
You spent 36 gold pieces at shops.

Inventory:

Hand Weapons
 a - a +3 whip of electrocution (weapon)
 b - a +0 morningstar
 w - a +0 battleaxe
Missiles
 d - 256 stones (quivered)
 m - a boomerang
 p - a throwing net
 r - 7 poisoned darts
Armour
 f - a +2 cloak (worn)
 v - a +0 pair of boots (worn)
Jewellery
 h - an amulet of guardian spirit (around neck)
 n - a +4 ring of protection (left hand)
Wands
 j - a wand of flame (23)
 q - a wand of digging (5)
Scrolls
 i - 2 scrolls of teleportation
 u - a scroll of enchant weapon
 x - a scroll of brand weapon {unknown}
Potions
 c - a potion of curing {unknown}
 e - 2 potions of resistance {unknown}
 g - 2 potions of heal wounds {unknown}
 k - 3 potions of attraction {unknown}
 l - 3 potions of degeneration
 o - a potion of lignification {unknown}
 s - a potion of haste
 t - 3 potions of might
 z - a potion of experience


   Skills:
 - Level 6.0 Fighting
 * Level 15.0 Maces & Flails
 - Level 6.0 Dodging


You had 9 spell levels left.
You didn't know any spells.
Your spell library was empty.

Dungeon Overview and Level Annotations

Branches:
Dungeon (7/15)             Temple (0/1) D:5          Bailey (1/1)

Altars:
Cheibriados
Dithmenos
Fedhas
Hepliaklqana
Makhleb

Shops:
D:4 *   D:6 *

Annotations:
D:3 3 runed translucent doors, r3xj's ghost, amateur MiBe


Innate Abilities, Weirdness & Mutations

You can breathe bolts of dispelling energy.
Your rich purple scales are hard. (AC +7)
You cannot fit into any form of body armour.
You are cold-blooded and may be slowed by cold attacks.


Message History

You tail-slap the orc warrior.
The orc warrior is almost dead.
The goblin hits you with a +0 hand axe. The orc warrior barely misses you.
You whack the orc warrior!
You kill the orc warrior!
Trog accepts your kill.
An orc warlord comes into view. It is wielding a +1 vorpal great sword.
The goblin completely misses you.
Your Maces & Flails skill increases to level 15!
You have reached level 10!
The orc warlord shouts!
You whack the goblin!
You kill the goblin!
Trog accepts your kill.
You hear a shout!
Items here: $ ))) ? [[[ ÷÷.
The orc warlord unwields a +1 vorpal great sword.
The orc warlord wields a +0 arbalest.
The orc warlord shoots a bolt.
The bolt hits you!!
There is an open door, spattered with blood here.
Items here: ( )) ? [[ ÷ †.
Your skin crawls.
You feel strong-willed.
Okay, then.
The orc warlord shoots a bolt.
The bolt hits you!
Aiming: Breathe Dispelling Energy (3% risk of failure)
Press: ? - help, Shift-Dir - straight line, f - orc warlord
Aim: an orc warlord, wielding a +0 arbalest, wearing a +0 chain mail and quivering bolts You breathe a bolt of dispelling energy.
The bolt of dispelling energy hits the orc warlord!
The orc warlord is lightly wounded.
The orc warlord shoots a bolt.
The bolt hits you!!
* * * LOW HITPOINT WARNING * * *
As you read the scroll of teleportation, it crumbles to dust.
You feel strangely unstable.
The orc warlord shoots a bolt.
The bolt hits you!
* * * LOW HITPOINT WARNING * * *
Items here: )) [[.
The orc warlord shoots a bolt.
The bolt hits you!!
You die...

..##.........##.....##
...+......).))(......#
...##.....).##o......##
....#.......#..)......#
....##88o88##.).......##
.....###'###.....⌠.....#
....###.. ##.........##
....#... #.))()....#
...##... ##..@....##
...# #.......# ..##
##.....## ### ####'##
..## ##.....## ...#
#.......# ...##
##.......## ....#
#.........# ....##
##....)....##


You could see an orc warlord.

Vanquished Creatures
  Pikel (D:7)
  2 orc knights (Bailey)
  2 water moccasins
  11 orc warriors
  A black bear (D:6)
  3 ogres
  A necrophage (D:6)
  2 phantoms
  A scorpion (D:5)
  2 hounds
  4 orc priests
  Crazy Yiuf (D:5)
  An iguana (D:6)
  4 orc wizards
  A hound skeleton (D:5)
  15 gnolls
  5 adders
  An ufetubus (D:6)
  2 adder skeletons (D:4)
  3 worms
  4 dart slugs
  27 orcs
  7 endoplasms
  8 giant cockroaches
  31 goblins
  19 hobgoblins
  8 jackals
  8 kobolds
  7 quokkas
  11 ball pythons
  7 bats
  4 frilled lizards
  7 rats
211 creatures vanquished.

Vanquished Creatures (collateral kills)
  A goblin (Bailey)
  A hobgoblin (Bailey)
2 creatures vanquished.

Vanquished Creatures (others)
  4 plants
4 creatures vanquished.

Grand Total: 217 creatures vanquished

Notes
Turn   | Place    | Note
-------+----------+-------------------------------------------
     0 | D:1      | jejorda2 the Draconian Berserker began the quest for the
                  | Orb.
     0 | D:1      | Reached XP level 1. HP: 19/19 MP: 1/1
   315 | D:1      | Reached XP level 2. HP: 22/26 MP: 2/2
   702 | D:1      | You fall into a shaft and drop 1 floor!
   704 | D:2      | Reached XP level 3. HP: 33/33 MP: 3/3
   867 | D:1      | Reached ** piety under Trog
   966 | D:2      | Reached skill level 4 in Maces & Flails
  1059 | D:2      | Reached XP level 4. HP: 40/40 MP: 4/4
  2132 | D:3      | Found a runed translucent gate.
  2133 | D:3      | Found a runed translucent gate.
  2134 | D:3      | Found a runed translucent gate.
  2314 | D:3      | Noticed r3xj's ghost (amateur MiBe)
  2335 | D:3      | Reached *** piety under Trog
  2814 | D:4      | Found Acenwa's General Store.
  2825 | D:4      | Bought a scroll of teleportation for 36 gold pieces
  2880 | D:4      | Reached XP level 5. HP: 45/46 MP: 3/5
  2970 | D:4      | Noticed an ogre
  2978 | D:4      | Killed an ogre
  2979 | D:4      | Reached skill level 5 in Maces & Flails
  3495 | D:4      | Reached XP level 6. HP: 53/53 MP: 6/6
  4147 | D:5      | Entered Level 5 of the Dungeon
  4147 | D:5      | Noticed a water moccasin
  4156 | D:5      | Killed a water moccasin
  4157 | D:5      | Reached skill level 5 in Fighting
  4157 | D:5      | Reached skill level 6 in Maces & Flails
  4157 | D:5      | Your scales start taking on a rich purple colour.
  4157 | D:5      | Reached XP level 7. HP: 61/61 MP: 5/7
  4447 | D:5      | Reached skill level 7 in Maces & Flails
  4553 | D:5      | Found a staircase to the Ecumenical Temple.
  4593 | D:5      | Found a runed translucent door.
  4594 | D:5      | Noticed Crazy Yiuf
  4602 | D:5      | Killed Crazy Yiuf
  4976 | D:6      | Reached skill level 5 in Dodging
  4976 | D:6      | Reached XP level 8. HP: 68/70 MP: 6/8
  5070 | D:6      | Found a blossoming altar of Fedhas.
  5120 | D:6      | Found Radom's Mass Market.
  5143 | D:6      | Found a snail-covered altar of Cheibriados.
  5143 | D:6      | Found a burning altar of Makhleb.
  5203 | D:6      | Reached skill level 8 in Maces & Flails
  5297 | D:7      | Found a hazy altar of Hepliaklqana.
  5298 | D:7      | Found a shadowy altar of Dithmenos.
  5317 | D:7      | Noticed Pikel
  5330 | D:7      | Killed Pikel
  5331 | D:7      | Reached skill level 9 in Maces & Flails
  5366 | D:7      | Identified a scroll of acquirement
  5366 | D:7      | Acquired a manual of Maces & Flails
  5406 | D:7      | Found a flagged portal.
  5414 | D:7      | Reached XP level 9. HP: 75/75 MP: 9/9
  5429 | Bailey   | Entered a bailey
  5571 | Bailey   | Reached skill level 10 in Maces & Flails
  5834 | Bailey   | Reached **** piety under Trog
  5953 | Bailey   | Reached skill level 11 in Maces & Flails
  6241 | Bailey   | Noticed an orc knight
  6256 | Bailey   | Killed an orc knight
  6257 | Bailey   | Reached skill level 13 in Maces & Flails
  6258 | Bailey   | Noticed an orc knight
  6398 | Bailey   | Killed an orc knight
  6399 | Bailey   | Reached skill level 14 in Maces & Flails
  6502 | Bailey   | Noticed an orc warlord
  6503 | Bailey   | Reached skill level 15 in Maces & Flails
  6503 | Bailey   | Reached XP level 10. HP: 75/83 MP: 10/10
  6515 | Bailey   | Shot with a bolt by an orc warlord

Illustrated notes

Levels and vault maps discovered:
D:1:      amcnicky_arrival_blooded_trapdoor, layout_rooms, minmay_hexomino_c4
D:2:      minmay_recursive_quarters, layout_basic
D:3:      layout_basic, gammafunk_ghost_icy, chequers_serial_rivers_marsh,
          serial_bayou_pond_d, feat_on_display
D:4:      layout_loops_cross, serial_shops, shop, chequers_arboretum,
          st_stairs_12, minmay_puff
D:5:      layout_loops_ring, minmay_temple_entry_statues_fountains,
          uniq_crazy_yiuf_cottage
D:6:      kennysheep_kobold_camp, layout_basic,
          nicolae_yredelemnul_ghost_church, gammafunk_temple_overflow_pools,
          fedhas_altar_2, minmay_shop_mass
D:7:      layout_rooms, riverfiend_overflow_shadow_ancestor,
          biasface_ghost_orc_armoury, enter_bailey_7, uniq_pikel
Bailey:   bailey_axe_minmay_hex_keep, bailey

Skill      XL: |  1  2  3  4  5  6  7  8  9 |
---------------+----------------------------+-----
Dodging        | 3 4 5 6 |  6.0
Maces & Flails | 4 5 6 7 9 15 | 15.0
Fighting       | 4 5 6 |  6.0

Action                   |  1- 3 |  4- 6 |  7- 9 | 10-12 || total
-------------------------+-------+-------+-------+-------++-------
Melee: Mace              |    91 |    63 |       |       ||   154
       Tailslap          |    16 |    23 |    43 |       ||    82
       Morningstar       |       |   133 |    29 |       ||   162
       Whip              |       |       |   307 |     1 ||   308
Throw: Stone             |     6 |    59 |    36 |       ||   101
       Dart              |       |       |     2 |       ||     2
       Throwing net      |       |       |     1 |       ||     1
Invok: Berserk           |     3 |     4 |     8 |       ||    15
       Trog's Hand       |       |       |     5 |     1 ||     6
       Brothers in Arms  |       |       |     1 |       ||     1
 Abil: Breathe Dispellin |       |       |     6 |     1 ||     7
  Use: Scroll            |       |     5 |     5 |     1 ||    11
Armor: Skin              |    25 |    66 |    76 |       ||   167
Dodge: Dodged            |    68 |   141 |   156 |       ||   365

Table legend: (Time is in decaauts)
 A = Elapsed time spent in this place.
 B = Non-inter-level travel time spent in this place.
 C = Inter-level travel time spent in this place.
 D = Time resting spent in this place.
 E = Time spent auto-exploring this place.
 F = Levels seen in this place.
 G = Mean time per level.
                   A        B        C        D        E       F      G
               +--------+--------+--------+--------+--------+-----+--------+
         Total |   6596 |   6350 |    246 |    979 |   3726 |   8 |  824.5 |
       Dungeon |   5582 |   5336 |    246 |    545 |   3529 |   7 |  797.4 |
        Bailey |   1014 |   1014 |      0 |    434 |    197 |   1 | 1014.0 |
               +--------+--------+--------+--------+--------+-----+--------+

Top non-repeatable levels by time:
     D:4: 1375 daAuts
  Bailey: 1014 daAuts
     D:3: 1010 daAuts
     D:2: 997 daAuts
     D:1: 938 daAuts
     D:5: 777 daAuts
     D:6: 280 daAuts
     D:7: 203 daAuts
